AoeStats
← Nice Town... >:)

Arabia

509231466Analyzed
1v1 RM · 8d ago on Sep 26, 2026· 42m 37s· 2 players
Game mode
Random Map
Map size
Tiny (2 player)
Population
200
Speed
Normal
Resources
Standard
Victory
Conquest
Starting age
Dark Age
Ending age
Imperial Age
RankedLock teamsTeams togetherTeam positionsShared explorationLock speedFull tech treeHidden civsTurbo modeCheats
Victory
Defeat
🇺🇸 Danes · United States
1238
+15
🇨🇿 Dravidians · Czechia
1216
-15
fruky
6:34 Loom
8:45 Feudal Age
9:41 Man-at-Arms
19:17 Castle Age
17:22 Horse Collar
17:54 Fletching
19:12 Padded Archer Armor
21:50 Double-Bit Axe
22:07 Heavy Plow
22:04 Gold Mining
23:26 Long Swordsman
25:25 Squires
25:28 Scale Mail Armor
25:44 Forging
29:35 Bodkin Arrow
29:56 Chain Mail Armor
31:07 Iron Casting
38:00 Imperial Age
36:08 Wheelbarrow
35:56 Arson
36:05 Town Watch
36:43 Bow Saw
38:27 Two-Handed Swordsman
39:38 Champion
41:51 Plate Mail Armor
42:22 Blast Furnace
41:22 Bracer
Nice Town... >:)
6:27 Loom
8:52 Feudal Age
9:25 Double-Bit Axe
9:09 Man-at-Arms
14:06 Horse Collar
20:27 Castle Age
21:15 Scale Mail Armor
21:29 Gambesons
21:45 Squires
21:59 Forging
22:19 Chain Mail Armor
22:23 Bow Saw
23:58 Wheelbarrow
27:27 Heavy Plow
27:44 Arson
31:27 Hand Cart
35:22 Imperial Age
32:39 Hamask
34:50 Iron Casting
36:29 Conscription
35:33 Elite Varangian Guard
36:46 Plate Mail Armor
41:38 Blast Furnace
40:40 Onager
42:10 Siege Onager
43:10 Siege Engineers
Connection lost

Rejoining the realm…

Still unreachable

The connection could not be restored.

Session expired

The server has moved on; the page needs a fresh start.